 Dungeon Crawl Stone Soup version 0.30.1-6-gbe392663c4 (webtiles) character file.

Game seed: 6541861899967731947

2741 Anriel the Covert (level 9, -1/54 HPs)
             Began as a Vampire Brigand on Sept 21, 2023.
             Killed from afar by an electric eel (15 damage)
             ... with a bolt of electricity
             ... in a bailey.
             The game lasted 00:37:50 (5532 turns).

Anriel the Covert (Vampire Brigand)                 Turns: 5532, Time: 00:37:51

Health: -1/54      AC:  0    Str:  8 (10) XL:     9   Next: 40%
Magic:  9/9        EV: 26    Int: 12 (14) God:
Gold:   94         SH:  0    Dex: 22 (24) Spells: 8/8 levels left

rFire   . . .        q - melded +2 dagger (venom)
rCold   + + .        (shield currently unavailable)
rNeg    + + +        r - melded +2 robe {rC+}
rPois   ∞            (helmet currently unavailable)
rElec   .            c - melded +0 cloak
rCorr   .            (gloves currently unavailable)
SInv    +            v - melded +0 pair of boots
Will    .....        (no amulet)
Stlth   +++++++      (ring currently unavailable)
HPRegen 0.00/turn    (ring currently unavailable)
MPRegen 0.11/turn

%: no passive effects
@: bat-form, flying, bloodless, inhibited regen, very quick
A: fast, flying, no casting, tiny, bloodless, fangs 3, see invisible, vampiric 2
a: Revivify, End Transformation


You were in a bailey.
You were a vampire bat.
You visited 2 branches of the dungeon, and saw 8 of its levels.
You also visited: Bailey.

You collected 292 gold pieces.
You spent 198 gold pieces at shops.

Inventory:

Hand Weapons
 b - a +3 rapier
 q - a +2 dagger of venom (melded)
Missiles
 e - a curare-tipped dart
 C - 3 poisoned darts (quivered)
Armour
 c - a +0 cloak (melded)
 r - a +2 robe of cold resistance (melded)
 t - +0 swamp dragon scales
 v - a +0 pair of boots (melded)
 y - a +0 robe of positive energy
Jewellery
 j - a ring of fire
 A - a ring of ice
Wands
 m - a wand of quicksilver (9)
 u - a wand of iceblast (4)
Scrolls
 f - 3 scrolls of amnesia
 g - 2 scrolls of identify
 h - 2 scrolls of fear
 s - 3 scrolls of teleportation
Potions
 i - 2 potions of attraction
 k - a potion of haste
 l - a potion of brilliance
 n - 3 potions of heal wounds
 o - a potion of might
 p - 2 potions of cancellation
 w - a potion of berserk rage
 x - 2 potions of lignification
 z - a potion of ambrosia
 B - a potion of flight
Miscellaneous
 a - a piece from Xom's chessboard (15/15)


   Skills:
 - Level 5.0 Fighting
 + Level 7.3 Short Blades
 * Level 4.8 Throwing
 + Level 7.2 Dodging
 - Level 10.0 Stealth


You had 8 spell levels left.
You didn't know any spells.
Your spell library contained the following spells:

 Spells                   Type           Power      Damage    Failure   Level
 Dazzling Flash           Conj/Hex       0%         N/A       69%         3
 Volatile Blastmotes      Fire/Tloc      0%         2d10      69%         3
 Iskenderun's Mystic Bla  Conj/Tloc      0%         2d3       97%         4
 Starburst                Conj/Fire      0%         6d3       100%        6


Dungeon Overview and Level Annotations

Branches:
Dungeon (7/15)             Temple (1/1) D:5          Bailey (1/1)

Altars:
Cheibriados
Fedhas
Gozag
Hepliaklqana
Kikubaaqudgha
Makhleb
Nemelex Xobeh
Okawaru
Qazlal
Ru
Sif Muna
Vehumet
Wu Jian
Xom
Yredelemnul

Shops:
D:3 [

Annotations:
D:7 1 runed translucent door, jaiteiro's ghost, novice VSBr


Innate Abilities, Weirdness & Mutations

You are a vampire bat.
You are tiny and dextrous.
You move quickly.
You are flying.
You are immune to poison.
Your equipment is almost entirely melded.
You are incapable of wielding weapons or throwing items.
You cannot cast spells.
You do not regenerate when monsters are visible.
You are frail without blood (-20% HP).
You can heal yourself when you bite living creatures.
You are immune to poison.
You have razor-sharp teeth.
You have supernaturally acute eyesight. (SInv)
You are afflicted with vampirism and can become a bat while bloodless.


Message History

There is a gate leading back out of this place here.
You begin bloodletting.
You continue bloodletting. x5
You become bloodless.
You turn into a vampire bat.
Your +2 dagger of venom melds into your body.
Your +0 cloak melds into your body.
Your +0 pair of boots melds into your body.
Your +2 robe of cold resistance melds into your body.
Your +2 dagger of venom stops dripping with poison.
You feel less resistant to cold.
You feel weakened.
You feel dopey.
You feel clumsy.
An electric eel comes into view.
The helpless electric eel fails to defend itself.
You draw the electric eel's blood!
You hit the electric eel.
The electric eel is lightly wounded.
You hit the electric eel but do no damage.
Your bite misses the electric eel.
The electric eel is lightly wounded.
The electric eel shoots out a bolt of lightning at you!
The bolt of electricity hits you!
You closely miss the electric eel.
The electric eel is lightly wounded.
You hit the electric eel but do no damage.
The electric eel is lightly wounded.
The electric eel shoots out a bolt of lightning at you!
The bolt of electricity hits you!
You barely miss the electric eel.
The electric eel is lightly wounded.
The electric eel shoots out a bolt of lightning at you!
The bolt of electricity hits you!
You hit the electric eel but do no damage.
The electric eel is lightly wounded.
The electric eel shoots out a bolt of lightning at you!
The bolt of electricity hits you!
* * * LOW HITPOINT WARNING * * *
You closely miss the electric eel.
The electric eel is lightly wounded.
The electric eel shoots out a bolt of lightning at you!
The bolt of electricity hits you!
You die...

#≈≈≈≈≈≈≈≈~.#
#≈≈≈≈≈≈≈≈~.#
#≈≈≈≈≈≈≈≈~.#
#≈≈≈≈≈≈≈≈~.#
#≈≈≈≈≈≈≈≈~.#
#≈≈≈≈≈≈≈≈~.#
#≈≈≈≈≈≈≈≈~.#
#≈≈≈≈≈≈≈≈#+#
#≈b≈≈≈≈≈≈#
#S≈≈≈≈≈≈≈#
#≈≈≈≈≈≈≈≈#
#≈≈≈≈≈≈≈≈#
#≈≈≈≈≈≈≈≈#
#≈≈≈≈≈≈≈≈≈≈
#≈≈≈≈≈≈≈≈≈≈
#≈≈≈≈≈≈≈≈≈


You could see an electric eel.

Vanquished Creatures
  Prince Ribbit (D:5)
  Grinder (D:6)
  Eustachio (D:5)
  A steam dragon (D:7)
  Menkaure (D:5)
  3 water moccasins
  A black bear (D:6)
  An ice beast (D:5)
  2 ogres
  2 phantoms (D:5)
  A bullfrog (D:6)
  2 water moccasin zombies (D:5)
  5 wights (D:6)
  3 bullfrog zombies (D:5)
  3 hounds
  An orc priest (D:4)
  3 bullfrog skeletons (D:5)
  A gnoll bouda (D:7)
  A centaur skeleton (D:5)
  A scorpion zombie (D:5)
  3 iguanas
  An orc wizard (D:4)
  Terence (D:2)
  6 adders
  8 gnolls
  5 dart slugs
  10 orcs
  6 endoplasms
  3 giant cockroaches (D:2)
  4 goblins
  4 hobgoblins
  10 jackals
  5 kobolds
  2 quokkas
  2 ball pythons
  2 bats
  A frilled lizard (D:1)
  6 rats
114 creatures vanquished.

Vanquished Creatures (others)
  An orc (D:7)
1 creature vanquished.

Grand Total: 115 creatures vanquished

Notes
Turn   | Place    | Note
-------+----------+-------------------------------------------
     0 | D:1      | Anriel the Vampire Brigand began the quest for the Orb.
     0 | D:1      | Reached XP level 1. HP: 16/16 MP: 1/1
     2 | D:1      | Noticed a naga
     2 | D:1      | Noticed a felid
     4 | D:1      | Noticed a gargoyle
     4 | D:1      | Noticed a formicid
     6 | D:1      | Noticed an ogre
     6 | D:1      | Noticed a troll
     8 | D:1      | Noticed a tengu
    10 | D:1      | Noticed an elf
    10 | D:1      | Noticed a demonspawn
    12 | D:1      | Noticed a draconian
    14 | D:1      | Noticed a human
    14 | D:1      | Noticed a spriggan
    16 | D:1      | Noticed a meteoran
    16 | D:1      | Noticed a vampire
    18 | D:1      | Noticed an octopode
    18 | D:1      | Noticed a minotaur
    20 | D:1      | Noticed a vine stalker
    20 | D:1      | Noticed a ghoul
    22 | D:1      | Noticed a merfolk
    22 | D:1      | Noticed a demigod
    24 | D:1      | Noticed a meteoran
    24 | D:1      | Noticed an armataur
    26 | D:1      | Noticed a meteoran
    26 | D:1      | Noticed a vine stalker
   176 | D:1      | Reached XP level 2. HP: 22/22 MP: 2/2
   624 | D:2      | Found a faded altar of an unknown god.
   650 | D:2      | Gained mutation: You are afflicted with vampirism and can
                  | become a bat while bloodless. [Vampire growth]
   650 | D:2      | Reached XP level 3. HP: 28/28 MP: 3/3
   792 | D:2      | Noticed Terence
   797 | D:2      | Killed Terence
  1006 | D:2      | Reached XP level 4. HP: 22/34 MP: 4/4
  1510 | D:3      | Reached XP level 5. HP: 23/41 MP: 5/5
  1564 | D:3      | Found Falou's Antique Armour Boutique.
  1591 | D:3      | Bought an embroidered robe for 99 gold pieces
  1931 | D:3      | Found a sparkling altar of Nemelex Xobeh.
  2363 | D:4      | Found a stormy altar of Qazlal.
  3248 | D:5      | Entered Level 5 of the Dungeon
  3248 | D:5      | Noticed an ice beast
  3248 | D:5      | Noticed a water moccasin
  3257 | D:5      | Reached XP level 6. HP: 26/43 MP: 6/6
  3270 | D:5      | Killed a water moccasin
  3399 | D:5      | Found a staircase to the Ecumenical Temple.
  3410 | Temple   | Entered the Ecumenical Temple
  3606 | D:5      | Reached skill level 5 in Fighting
  3606 | D:5      | Reached XP level 7. HP: 47/56 MP: 7/7
  3656 | D:5      | Reached skill level 6 in Stealth
  3714 | D:5      | Noticed Prince Ribbit
  3730 | D:5      | Killed Prince Ribbit
  3731 | D:5      | Reached skill level 5 in Short Blades
  3731 | D:5      | Reached skill level 7 in Stealth
  3777 | D:5      | Noticed Eustachio
  3833 | D:5      | Reached skill level 8 in Stealth
  3867 | D:5      | Noticed Menkaure
  3875 | D:5      | Killed Menkaure
  3876 | D:5      | Reached skill level 5 in Dodging
  3876 | D:5      | Reached XP level 8. HP: 47/62 MP: 8/8
  3900 | D:5      | Reached skill level 9 in Stealth
  3994 | D:5      | Found a radiant altar of Vehumet.
  4139 | D:5      | Killed Eustachio
  4140 | D:5      | Reached skill level 10 in Stealth
  4481 | D:3      | Bought a glowing robe for 99 gold pieces
  4636 | D:6      | Found a shimmering altar of Xom.
  4777 | D:6      | Reached XP level 9. HP: 60/68 MP: 9/9
  4897 | D:6      | Noticed Grinder
  4912 | D:6      | Killed Grinder
  5261 | D:7      | Found a runed translucent door.
  5276 | D:7      | Noticed jaiteiro's ghost (novice VSBr)
  5363 | D:7      | Found a flagged portal.
  5469 | Bailey   | Entered a bailey
  5532 | Bailey   | Killed from afar by an electric eel

Illustrated notes

Levels and vault maps discovered:
D:1:      kb_arrival_jail, layout_rooms
D:2:      minmay_general_purpose_star, layout_basic,
          shapermc_ecumenical_altar_totnotflames, minmay_curled_crystal,
          chequers_serial_rivers_micro_c, uniq_terence
D:3:      layout_rooms, nicolae_elyvilon_peaceful_grove, nemelex_altar_shiori,
          serial_shops, shop, serial_curves, eino_curves_02, eino_curves_03,
          roderic_lattice_a, minmay_misc_feat_rows,
          chequers_serial_rivers_room_b, grunt_ministairs_13
D:4:      layout_loops_corners, grunt_qazlal_sundering, nicolae_zen_rock_garden
D:5:      layout_cave_pools, nicolae_vehumet_radiance,
          minmay_temple_entry_statues_pillars, serial_undead, serial_undead_d,
          serial_undead_e, serial_undead_b, serial_undead_d, serial_undead_e,
          serial_undead_f, minmay_strange_pillars, uniq_prince_ribbit1,
          uniq_menkaure, uniq_eustachio
D:6:      layout_rooms, xom_butterflies, uniq_grinder
D:7:      layout_cave_pods, mainiacjoe_overflow_paths,
          mainiacjoe_overflow_catch_the_wave, enter_bailey_2,
          hellmonk_ghost_happy_afterlife, minivault_5
Temple:   hellmonk_temple_forest_ring
Bailey:   bailey_axe_of_yendor_kennysheep, bailey

Skill      XL: |  1  2  3  4  5  6  7  8  9 |
---------------+----------------------------+-----
Fighting       | 2 3 4 5 |  5.0
Throwing       | 2 3 4 |  4.8
Dodging        | 2 3 4 5 6 7 |  7.2
Short Blades   | 3 4 5 6 7 |  7.3
Stealth        | 8 10 | 10.0

Action                     |  1- 3 |  4- 6 |  7- 9 || total
---------------------------+-------+-------+-------++-------
  Melee: Dagger            |    60 |   158 |   213 ||   431
         Bite              |     5 |    16 |    36 ||    57
         Punch             |     1 |     3 |     7 ||    11
         Unarmed           |       |     1 |     7 ||     8
         Rapier            |       |       |    27 ||    27
  Throw: Dart              |    32 |    18 |    37 ||    87
Ability: Exsanguinate      |       |     2 |     1 ||     3
         Bat Form          |       |     1 |     1 ||     2
         End Transformatio |       |     1 |       ||     1
         Revivify          |       |     1 |       ||     1
  Evoke: Wand              |       |       |     7 ||     7
    Use: Scroll            |     3 |     8 |    11 ||    22
         Potion            |       |     2 |       ||     2
   Stab: Sleeping          |    11 |    14 |     5 ||    30
         Distracted        |       |       |     2 ||     2
 Armour: Robe              |    11 |    30 |    60 ||   101
  Dodge: Dodged            |    25 |    92 |   167 ||   284
